 Seeded DCSS version 0.30-a0-385-gfebfb9b408 (webtiles) character file.

Game seed: 841343 (custom seed)

73 McGhostyFace the Magician (level 4, -4/38 HPs)
             Began as a Gnoll Wanderer on Dec 2, 2022.
             Engulfed by a steam dragon's steam (13 damage)
             ... on level 3 of the Dungeon.
             The game lasted 00:03:07 (1550 turns).

McGhostyFace the Magician (Gnoll Wanderer)          Turns: 1550, Time: 00:03:07

Health: -4/38      AC:  4    Str:  7    XL:     4   Next: 27%
Magic:  13/13      EV: 11    Int: 17    God:
Gold:   103        SH:  0    Dex: 12    Spells: 16/17 levels left

rFire   . . .      SeeInvis .    j - +2 short sword (venom)
rCold   . . .      Faith    .    (no shield)
rNeg    . . .      Spirit   .    c - +0 robe
rPois   .          Reflect  .    (no helmet)
rElec   .          Harm     .    p - +0 cloak
rCorr   +          Rampage  .    d - +0 pair of gloves
Will    .....                    (no boots)
Stlth   ++........               (no amulet)
HPRegen 0.26/turn                m - ring of resist corrosion
MPRegen 0.13/turn                (no ring)

@: no status effects
A: fangs 1, strong nose, distributed training
a: no special abilities


You were on level 3 of the Dungeon.
You visited 1 branch of the dungeon, and saw 4 of its levels.

You collected 103 gold pieces.

Inventory:

Hand Weapons
 a - a +0 dagger
 j - a +2 short sword of venom (weapon)
Missiles
 s - a throwing net (quivered)
Armour
 c - a +0 robe (worn)
 d - a +0 pair of gloves (worn)
 p - a +0 cloak (worn)
Jewellery
 m - a ring of resist corrosion (left hand)
Scrolls
 e - a scroll of magic mapping {unknown}
 g - 2 scrolls of teleportation {unknown}
 k - a scroll of torment {unknown}
 l - a scroll of amnesia {unknown}
 n - 5 scrolls of identify {unknown}
 q - 2 scrolls of fear {unknown}
Potions
 b - a potion of berserk rage
 f - 4 potions of attraction {unknown}
 h - 2 potions of curing {unknown}
 i - a potion of heal wounds {unknown}
 o - a potion of lignification {unknown}
 r - a potion of might {unknown}


   Skills:
 + Level 4.6 Fighting
 + Level 1.1 Short Blades
 + Level 1.1 Long Blades
 + Level 1.1 Axes
 + Level 1.1 Maces & Flails
 + Level 1.1 Polearms
 + Level 1.1 Staves
 + Level 1.1 Ranged Weapons
 + Level 1.1 Throwing
 + Level 1.1 Armour
 + Level 1.1 Dodging
 + Level 4.2 Stealth
 + Level 1.1 Shields
 + Level 1.1 Unarmed Combat
 + Level 7.2 Spellcasting
 + Level 0.9 Conjurations
 + Level 0.9 Hexes
 + Level 0.9 Summonings
 + Level 0.9 Necromancy
 + Level 0.9 Translocations
 + Level 3.8 Transmutations
 + Level 0.9 Fire Magic
 + Level 2.2 Ice Magic
 + Level 0.9 Air Magic
 + Level 0.9 Earth Magic
 + Level 0.9 Poison Magic
 + Level 1.2 Invocations
 + Level 1.1 Evocations


You had 16 spell levels left.
You knew the following spells:

 Your Spells              Type           Power      Damage    Failure   Level
a - Freeze                Ice            52%        1d6       4%          1

Your spell library contained the following spells:

 Spells                   Type           Power      Damage    Failure   Level
 Beastly Appendage        Tmut           38%        N/A       2%          1
 Spider Form              Tmut/Pois      14%        N/A       13%         3
 Ozocubu's Armour         Ice            13%        N/A       14%         3
 Petrify                  Tmut/Erth      14%        N/A       38%         4


Dungeon Overview and Level Annotations

Branches:
Dungeon (4/15)
 Temple: D:4-7

Altars:


Innate Abilities, Weirdness & Mutations

You have very sharp teeth.
Your uncanny sense of smell can sniff out nearby items.
Your experience applies equally to all skills.


Message History

You hit the ball python but do no damage.
The ball python is poisoned.
Your bite misses the ball python.
The ball python bites you but does no damage.
The ball python closely misses you.
You hit the ball python.
You kill the ball python!
No target in view!
A steam dragon comes into view.
A steam dragon is nearby!
There is a stone staircase leading down here.
You climb downwards.
There is a stone staircase leading up here.
The ball python hisses angrily.
The ball python bites you but does no damage.
The ball python grabs you. The ball python constricts you.
You hit the ball python.
You kill the ball python!
You start resting.
HP restored.
Okay, then.
There is a stone staircase leading up here.
You aren't carrying any items that you can evoke.
Unknown command.
Casting: Freeze (safe; 4% risk of failure)
Confirm with . or Enter, or press ? or * to list all spells.
Okay, then.
You climb upwards.
The steam dragon hisses angrily.
The steam dragon breathes steam at you. The ball of steam misses you.
You hear a shout! x3
There is a stone staircase leading down here.
The steam dragon breathes steam at you. The ball of steam hits you!
You hear a shout!
You are engulfed in a cloud of scalding steam.
* * * LOW HITPOINT WARNING * * *
There is a stone staircase leading down here.
You are engulfed in a cloud of scalding steam.
You die...

...#...........
...(.......##
#.....<....#
#.<..:...$.#
#..........#####
#........§...:.#
#.......§D.....#
##..§.§§§§.!...#
##.§§§@.......#
####...†.....#
#.........#
#>........#
#.........#
#.........#
#......?..#
###########


You could see a steam dragon (catching breath).

Vanquished Creatures
  An iguana (D:3)
  A worm (D:2)
  4 ball pythons
  3 endoplasms
  2 giant cockroaches (D:1)
  3 goblins
  4 hobgoblins
  4 jackals (D:1)
  4 bats (D:2)
  A frilled lizard (D:1)
  4 kobolds (D:1)
  13 rats (D:1)
44 creatures vanquished.

Notes
Turn   | Place    | Note
-------+----------+-------------------------------------------
     0 | D:1      | McGhostyFace the Gnoll Wanderer began the quest for the
                  | Orb.
     0 | D:1      | McGhostyFace set off with the following items: a +0 dagger,
                  | a potion of berserk rage, a +0 robe, a +0 pair of gloves;
                  | and the following spells available to memorise: Beastly
                  | Appendage, Freeze, Ozocubu's Armour, Spider Form, Petrify.
     0 | D:1      | Reached XP level 1. HP: 20/20 MP: 8/8
    51 | D:1      | Learned a level 1 spell: Freeze
   165 | D:1      | Reached XP level 2. HP: 24/26 MP: 6/10
   534 | D:1      | Reached XP level 3. HP: 31/31 MP: 11/11
  1028 | D:2      | Reached skill level 1 in Invocations
  1386 | D:2      | Reached skill level 1 in Short Blades
  1386 | D:2      | Reached skill level 1 in Long Blades
  1386 | D:2      | Reached skill level 1 in Axes
  1386 | D:2      | Reached skill level 1 in Maces & Flails
  1386 | D:2      | Reached skill level 1 in Polearms
  1386 | D:2      | Reached skill level 1 in Staves
  1386 | D:2      | Reached skill level 1 in Ranged Weapons
  1386 | D:2      | Reached skill level 1 in Throwing
  1386 | D:2      | Reached skill level 1 in Armour
  1386 | D:2      | Reached skill level 1 in Dodging
  1386 | D:2      | Reached skill level 1 in Shields
  1386 | D:2      | Reached skill level 1 in Unarmed Combat
  1386 | D:2      | Reached skill level 1 in Evocations
  1492 | D:3      | Reached XP level 4. HP: 25/38 MP: 13/13
  1518 | D:3      | Noticed a steam dragon
  1550 | D:3      | Engulfed by a steam dragon's steam

Illustrated notes

Levels and vault maps discovered:
D:1:      dpeg_arrival_pond, layout_basic, minmay_rat_gold_closets
D:2:      layout_rooms, minmay_pentomino_o4
D:3:      layout_rooms, mainiacjoe_overflow_big_doors
D:4:      layout_loops_ring, hangedman_decor_diamond_cutter, uniq_eustachio

Skill      XL: |  1  2  3 |
---------------+----------+-----
Ice Magic      | 2 |  2.2
Invocations    | 1 |  1.2
Short Blades   | 1 |  1.1
Long Blades    | 1 |  1.1
Axes           | 1 |  1.1
Maces & Flails | 1 |  1.1
Polearms       | 1 |  1.1
Staves         | 1 |  1.1
Ranged Weapons | 1 |  1.1
Throwing       | 1 |  1.1
Armour         | 1 |  1.1
Dodging        | 1 |  1.1
Shields        | 1 |  1.1
Unarmed Combat | 1 |  1.1
Evocations     | 1 |  1.1
Fighting       | |  4.6
Stealth        | |  4.2
Spellcasting   | |  7.2
Conjurations   | |  0.9
Hexes          | |  0.9
Summonings     | |  0.9
Necromancy     | |  0.9
Translocations | |  0.9
Transmutations | |  3.8
Fire Magic     | |  0.9
Air Magic      | |  0.9
Earth Magic    | |  0.9
Poison Magic   | |  0.9

Action                   |  1- 3 |  4- 6 || total
-------------------------+-------+-------++-------
Melee: Dagger            |    14 |       ||    14
       Bite              |     3 |       ||     3
       Short sword       |    56 |     3 ||    59
 Cast: Freeze            |    21 |       ||    21
 Stab: Sleeping          |    14 |       ||    14
Armor: Robe              |    19 |     2 ||    21
Dodge: Dodged            |    38 |     2 ||    40

Table legend: (Time is in decaauts)
 A = Elapsed time spent in this place.
 B = Non-inter-level travel time spent in this place.
 C = Inter-level travel time spent in this place.
 D = Time resting spent in this place.
 E = Time spent auto-exploring this place.
 F = Levels seen in this place.
 G = Mean time per level.
                   A        B        C        D        E       F      G
               +--------+--------+--------+--------+--------+-----+--------+
         Total |   1546 |   1461 |     85 |    266 |    908 |   4 |  386.5 |
       Dungeon |   1546 |   1461 |     85 |    266 |    908 |   4 |  386.5 |
               +--------+--------+--------+--------+--------+-----+--------+

Top non-repeatable levels by time:
     D:1: 994 daAuts
     D:2: 482 daAuts
     D:3: 45 daAuts
     D:4: 24 daAuts
